 Dungeon Crawl Stone Soup version 0.27-a0-1065-ge809cff456 (webtiles) character file.

Game seed: 7466133012607048542

123 1player the Stinger (level 5, 0/50 HPs)
             Began as an Ogre Venom Mage on Apr 22, 2021.
             Slain by a goblin
             ... wielding a +0 dagger
             ... led by Robin
              (5 damage)
             ... on level 3 of the Dungeon.
             The game lasted 00:06:52 (2929 turns).

1player the Stinger (Ogre Venom Mage)               Turns: 2929, Time: 00:06:52

Health: 0/50       AC:  3    Str: 12    XL:     5   Next: 7%
Magic:  2/8        EV:  9    Int: 17    God:
Gold:   60         SH:  0    Dex:  9    Spells: 7/8 levels left

rFire    . . .     SeeInvis .   b - +0 dagger
rCold    . . .     Faith    .   (no shield)
rNeg     . . .     Spirit   .   a - +0 robe
rPois    .         Reflect  .   (helmet restricted)
rElec    .         Harm     .   (no cloak)
rCorr    .         Rampage  .   (gloves unavailable)
Will     .....                  (boots unavailable)
Stlth    +.........             (no amulet)
HPRegen  0.16/turn              (no ring)
MPRegen  0.11/turn              (no ring)

@: flying
A: large, unfitting armour, tough skin 1
a: no special abilities


You were on level 3 of the Dungeon.
You visited 1 branch of the dungeon, and saw 3 of its levels.

You collected 60 gold pieces.

Inventory:

Hand Weapons
 b - a +0 dagger (weapon)
Armour
 a - a +0 robe (worn)
Jewellery
 g - a ring of see invisible
Scrolls
 e - a scroll of teleportation
 h - a scroll of identify {unknown}
 i - a scroll of amnesia {unknown}
 k - a scroll of brand weapon {unknown}
Potions
 c - a potion of brilliance {unknown}
 d - a potion of flight
 f - a potion of curing {unknown}
 j - a potion of lignification {unknown}
 l - a potion of degeneration {unknown}
 m - a potion of heal wounds {unknown}


   Skills:
 - Level 2.4 Fighting
 - Level 1.7 Dodging
 - Level 1.4 Stealth
 - Level 2.4 Spellcasting
 + Level 1.8 Transmutations
 + Level 1.4 Fire Magic
 - Level 4.0 Poison Magic


You had 7 spell levels left.
You knew the following spells:

 Your Spells              Type           Power      Damage    Failure   Level
q - Sting                 Tmut/Pois      44%        1d5       5%          1

Your spell library contained the following spells:

 Spells                   Type           Power      Damage    Failure   Level
 Poisonous Vapours        Pois/Air       16%        N/A       12%         2
 Ignite Poison            Fire/Tmut/Pois 10%        N/A       21%         3
 Mephitic Cloud           Conj/Pois/Air  6%         N/A       32%         3
 Olgreb's Toxic Radiance  Pois           15%        N/A       34%         4


Dungeon Overview and Level Annotations

Branches:
Dungeon (3/15)

Altars:

Shops:
D:1 *


Innate Abilities, Weirdness & Mutations

You are too large for most types of armour.
You have tough skin. (AC +1)


Message History

You miscast Sting.
You are very lightly contaminated with residual magic.
Nothing appears to happen.
The goblin hits you with a +0 dagger.
You hit Robin.
Robin is moderately wounded.
The goblin hits you with a +0 dagger. Robin hits you with a +0 club!
You hit Robin but do no damage.
Robin is heavily wounded.
The goblin hits you but does no damage.
You hit Robin.
Robin is severely wounded.
The goblin barely misses you. Robin hits you with a +0 club.
* * * LOW HITPOINT WARNING * * *
You closely miss Robin.
Robin is almost dead.
The goblin closely misses you.
You hit the goblin.
The goblin is moderately wounded.
You kill Robin!
The goblin hits you but does no damage.
You have reached level 5!
Casting: Sting (safe; 5% risk of failure)
Confirm with . or Enter, or press ? or * to list all spells.
Aiming: Sting (safe; 5% risk of failure)
Press: ? - help, Shift-Dir - straight line, f - goblin
Aim: a goblin, wielding a +0 dagger (strong, 64% to hit)
The sting hits the goblin.
The goblin is poisoned.
You kill the goblin!
The goblin hits you with a +0 dagger.
* * * LOW HITPOINT WARNING * * *
Your magical contamination has completely faded away.
You hit the goblin.
The goblin is severely wounded.
The goblin hits you with a +0 dagger.
* * * LOW HITPOINT WARNING * * *
The hobgoblin barely misses you.
It was a potion of flight.
You feel very buoyant.
You fly up into the air.
The goblin hits you with a +0 dagger.
You die...

#.### # #...# #. #.#.#
..###.#.# ........#
##.((.#.#######
......gg..†...#
#####.#..####.###############
#.#...# #.gg@g..........#
##g##..#################.#
#g.)......... #.#
#.g##..#####. #.# #.g##..#
#.# ####..##..## ###.#
g...)...†..# #...#
g..........# #.###
####..###..# #.#


You could see a hobgoblin (strong) and 2 goblins.

Vanquished Creatures
  A jelly (D:2)
  Robin (D:3)
  2 adders
  A worm (D:2)
  2 dart slugs (D:3)
  4 ball pythons
  4 endoplasms (D:1)
  A giant cockroach (D:1)
  13 goblins
  5 hobgoblins
  A jackal (D:1)
  8 kobolds
  A quokka (D:2)
  4 bats
  4 frilled lizards
  2 rats
54 creatures vanquished.

Notes
Turn   | Place    | Note
-------+----------+-------------------------------------------
     0 | D:1      | 1player the Ogre Venom Mage began the quest for the Orb.
     0 | D:1      | Reached XP level 1. HP: 16/16 MP: 3/3
     8 | D:1      | Found Avvulon's Assorted Antiques.
   111 | D:1      | Reached skill level 3 in Poison Magic
   209 | D:1      | Reached XP level 2. HP: 21/24 MP: 3/5
   756 | D:1      | Found a faded altar of an unknown god.
   787 | D:1      | Reached XP level 3. HP: 26/31 MP: 4/6
  1531 | D:2      | Reached skill level 4 in Poison Magic
  1531 | D:2      | Reached XP level 4. HP: 21/44 MP: 3/7
  1762 | D:2      | Reached skill level 1 in Transmutations
  2743 | D:3      | Reached skill level 1 in Fire Magic
  2884 | D:3      | Noticed Robin
  2926 | D:3      | Killed Robin
  2927 | D:3      | Reached XP level 5. HP: 12/50 MP: 3/8
  2929 | D:3      | Slain by a goblin

Illustrated notes

Levels and vault maps discovered:
D:1:      dpeg_arrival_radiant, layout_basic,
          hellmonk_ecumenical_altar_lost_god, serial_shops,
          nicolae_shop_crystal, minmay_tiny_reverse_x
D:2:      layout_loops_ring, grunt_decor_cap
D:3:      layout_loops_ring, ebering_ghost_gozag, uniq_robin, uniq_terence,
          uniq_purgy, uniq_crazy_yiuf_cottage

Skill      XL: |  1  2  3  4 |
---------------+-------------+-----
Poison Magic   | 3 4 |  4.0
Fighting       | 2 |  2.4
Transmutations | 1 |  1.8
Fire Magic     | 1 |  1.4
Dodging        | |  1.7
Stealth        | |  1.4
Spellcasting   | |  2.4

Action                   |  1- 3 |  4- 6 || total
-------------------------+-------+-------++-------
Melee: Dagger            |    43 |    60 ||   103
 Cast: Sting             |    35 |    20 ||    55
  Use: Scroll            |     1 |       ||     1
       Potion            |       |     1 ||     1
 Stab: Sleeping          |       |     2 ||     2
Armor: Robe              |    13 |    21 ||    34
Dodge: Dodged            |    31 |    30 ||    61

Table legend: (Time is in decaauts)
 A = Elapsed time spent in this place.
 B = Non-inter-level travel time spent in this place.
 C = Inter-level travel time spent in this place.
 D = Time resting spent in this place.
 E = Time spent auto-exploring this place.
 F = Levels seen in this place.
 G = Mean time per level.
                   A        B        C        D        E       F      G
               +--------+--------+--------+--------+--------+-----+--------+
         Total |   2929 |   2813 |    116 |    870 |   1413 |   3 |  976.3 |
       Dungeon |   2929 |   2813 |    116 |    870 |   1413 |   3 |  976.3 |
               +--------+--------+--------+--------+--------+-----+--------+

Top non-repeatable levels by time:
     D:1: 1301 daAuts
     D:2: 1259 daAuts
     D:3: 368 daAuts
